 Dungeon Crawl Stone Soup version 0.29.0-4-gdea44cf6ec (webtiles) character file.

Game seed: 15660267568389199356

191 qw the Chopper (level 5, 0/30 HPs)
             Began as a Tengu Warper on Aug 28, 2022.
             Succumbed to an adder's poison
             ... on level 3 of the Dungeon.
             The game lasted 00:00:15 (3600 turns).

qw the Chopper (Tengu Warper)                       Turns: 3600, Time: 00:00:16

Health: 0/30       AC:  4    Str: 13    XL:     5   Next: 70%
Magic:  9/9        EV: 14    Int: 13    God:
Gold:   139        SH:  0    Dex: 14    Spells: 8/8 levels left

rFire   . . .      SeeInvis .   Y - +1 hand axe
rCold   . . .      Faith    .   (no shield)
rNeg    . . .      Spirit   .   b - +0 leather armour
rPois   .          Reflect  .   (helmet restricted)
rElec   .          Harm     .   (no cloak)
rCorr   .          Rampage  .   h - +0 pair of gloves
Will    .....                   (boots unavailable)
Stlth   +.........              (no amulet)
HPRegen 0.10/turn               (no ring)
MPRegen 0.11/turn               (no ring)

@: lethally poisoned (0 -> -2), flying quickly and evasively, quick
A: beak, talons 3, nimble flight
a: no special abilities


You were on level 3 of the Dungeon.
You visited 1 branch of the dungeon, and saw 3 of its levels.

You collected 139 gold pieces.


Innate Abilities, Weirdness & Mutations

You have a beak for a mouth.
You have claws for feet.
Your magical nature lets you fly swiftly and evasively.


   Skills:
 - Level 2.0 Fighting
 + Level 6.3 Axes
 - Level 1.0 Throwing
 - Level 1.1 Armour
 - Level 2.1 Dodging
 - Level 2.0 Spellcasting
 - Level 2.4 Translocations


You had 8 spell levels left.
You didn't know any spells.
Your spell library contained the following spells:

 Spells                   Type           Power      Damage    Failure   Level
 Blink                    Tloc           14%        N/A       19%         2
 Gell's Gravitas          Tloc           7%         N/A       36%         3
 Lesser Beckoning         Tloc           7%         N/A       36%         3
 Teleport Other           Tloc           7%         N/A       36%         3
 Manifold Assault         Tloc           7%         N/A       98%         5

Inventory:

Hand Weapons
 i - a +0 flail
 Y - a +1 hand axe (weapon)
Missiles
 c - a boomerang (quivered)
Armour
 b - a +0 leather armour (worn)
 h - a +0 pair of gloves (worn)
Scrolls
 g - 2 scrolls of identify
Potions
 a - a potion of brilliance {unknown}
 d - 2 potions of curing
 e - a potion of might {unknown}
 f - a potion of degeneration {unknown}
 j - a potion of attraction {unknown}
 k - a potion of haste {unknown}

Dungeon Overview and Level Annotations

Branches:
Dungeon (3/15)

Altars:
Xom


Message History

The sling bullet hits you but does no damage.
You closely miss the kobold. Your peck misses the kobold.
The kobold is moderately wounded.
You feel sick.
The ball python is engulfed in noxious fumes.
The ball python appears confused.
The hobgoblin is engulfed in noxious fumes.
The hobgoblin appears confused.
The kobold splashes around in the water.
The goblin shoots a sling bullet.
The sling bullet closely misses you.
You barely miss the kobold.
The kobold is moderately wounded.
You feel sick.
The ball python is engulfed in noxious fumes.
The ball python appears confused.
The kobold hits you with a +3 dagger.
The ball python is engulfed in noxious fumes.
The ball python appears confused.
The ball python bites the endoplasm but does no damage.
The giant cockroach bites the endoplasm.
You hit the kobold but do no damage. Your peck misses the kobold.
Your punch misses the kobold.
The kobold is moderately wounded.
You feel sick.
The ball python is engulfed in noxious fumes.
The ball python appears confused.
The ball python bites the endoplasm.
The giant cockroach barely misses the endoplasm.
The goblin shoots a sling bullet.
The sling bullet barely misses you. The kobold completely misses you.
You barely miss the kobold.
The kobold is moderately wounded.
The ball python is engulfed in noxious fumes.
The ball python appears confused.
The ball python falls into the lava!
The ball python is incinerated.
The giant cockroach splashes around in the water.
The goblin shoots a sling bullet.
The sling bullet hits you. The kobold completely misses you.
You hit the kobold.
You kill the kobold!
You hear a splash.
You die...

######...# #.#.......
.#####...# #.#.######
........#########.#.#
.######.##~~¤¤~##.#.#
#.#~~.~~¤~#.#.#
#.#~.B0¤.~#.#.# #
#.#¤J.00g~#.#.#
..###.##.#¤¤J.¤~~#.#.######
.........#@~g~.~~#.........
..........$~~.~¤##...######
#.#########.#..###.........
.# .# #..####### .# # #.?#
.##.###..# .##......#
.######..# ######..#


You could see 2 endoplasms, a giant cockroach (confused), a hobgoblin (confused)
and a goblin.

Vanquished Creatures
  Natasha (thrice) (D:2)
  3 gnolls (D:3)
  4 adders
  3 dart slugs
  8 ball pythons
  2 bats (D:1)
  5 endoplasms
  3 giant cockroaches
  A goblin (D:2)
  7 hobgoblins
  A quokka (D:1)
  4 frilled lizards
  6 kobolds
  A rat (D:1)
51 creatures vanquished.

Vanquished Creatures (others)
  A ball python (D:3)
1 creature vanquished.

Grand Total: 52 creatures vanquished

Notes
Turn   | Place    | Note
-------+----------+-------------------------------------------
     0 | D:1      | qw the Tengu Warper began the quest for the Orb.
     0 | D:1      | Reached XP level 1. HP: 12/12 MP: 4/4
     0 | D:1      | 0 ||| qw: Version: 0.1-a-89-g26bdef1
     0 | D:1      | 0 ||| qw: Game counter: 1322
     0 | D:1      | 0 ||| qw: Always use a shield: true
     0 | D:1      | 0 ||| qw: God list: Okawaru
     0 | D:1      | 0 ||| qw: Allow faded altars: false
     0 | D:1      | 0 ||| qw: Do Orc after D:15 true
     0 | D:1      | 0 ||| qw: Do second Lair branch before Depths: true
     0 | D:1      | 0 ||| qw: Lair rune preference: random
     0 | D:1      | 0 ||| qw: Plans: Normal
     0 | D:1      | 0 ||| PLANNING D:1-11
    71 | D:1      | 71 ||| Stepping ~*~*~tactically~*~*~ (hiding).
   297 | D:1      | Reached XP level 2. HP: 15/17 MP: 6/6
   358 | D:1      | Reached skill level 3 in Axes
   437 | D:1      | 437 ||| Stepping ~*~*~tactically~*~*~ (stealth).
   615 | D:1      | 615 ||| Stepping ~*~*~tactically~*~*~ (stealth).
   817 | D:1      | 817 ||| Stepping ~*~*~tactically~*~*~ (stealth).
   909 | D:1      | Reached XP level 3. HP: 9/21 MP: 7/7
  1192 | D:1      | Found a faded altar of an unknown god.
  1562 | D:1      | 1562 ||| READING scroll labelled OTETEU NIUTAPP.
  1567 | D:1      | 1567 ||| READING 2 scrolls labelled PEGATR FANO.
  1568 | D:1      | 1568 ||| READING scroll labelled SENARU OMISEU.
  1569 | D:1      | 1569 ||| READING scroll labelled RIAMEPHIDD.
  1570 | D:1      | 1570 ||| READING scroll labelled LEISAW EVOULLU.
  1571 | D:1      | 1571 ||| READING scroll labelled HIVIDIUBIA.
  1572 | D:1      | 1572 ||| DROPPING scroll of blinking.
  1573 | D:1      | 1573 ||| Stepping randomly (stuck).
  1574 | D:1      | 1574 ||| Stepping ~*~*~tactically~*~*~ (cloud).
  1579 | D:1      | HP: 5/21 [poisoned by you (poison gas)]
  1582 | D:1      | HP: 2/21 [poisoned by you (poison gas)]
  1874 | D:2      | Reached skill level 4 in Axes
  1881 | D:2      | 1881 ||| DROPPING +0 club.
  1899 | D:2      | 1899 ||| Stepping ~*~*~tactically~*~*~ (hiding).
  2001 | D:2      | 2001 ||| Stepping ~*~*~tactically~*~*~ (hiding).
  2103 | D:2      | 2103 ||| Stepping ~*~*~tactically~*~*~ (hiding).
  2205 | D:2      | 2205 ||| Stepping ~*~*~tactically~*~*~ (hiding).
  2304 | D:2      | Noticed Natasha
  2305 | D:2      | 2305 ||| Stepping ~*~*~tactically~*~*~ (hiding).
  2314 | D:2      | HP: 4/21 [Natasha (7)]
  2315 | D:2      | Killed Natasha
  2316 | D:2      | Reached XP level 4. HP: 6/26 MP: 8/8
  2316 | D:2      | 2316 ||| FLEEEEING.
  2317 | D:2      | 2317 ||| FLEEEEING.
  2318 | D:2      | 2318 ||| FLEEEEING.
  2320 | D:2      | 2320 ||| FLEEEEING.
  2321 | D:2      | 2321 ||| FLEEEEING.
  2322 | D:2      | 2322 ||| FLEEEEING.
  2323 | D:2      | 2323 ||| FLEEEEING.
  2324 | D:2      | 2324 ||| FLEEEEING.
  2325 | D:2      | 2325 ||| FLEEEEING.
  2326 | D:2      | 2326 ||| FLEEEEING.
  2327 | D:2      | 2327 ||| FLEEEEING.
  2328 | D:2      | 2328 ||| FLEEEEING.
  2329 | D:2      | 2329 ||| FLEEEEING.
  2330 | D:2      | 2330 ||| FLEEEEING.
  2331 | D:2      | 2331 ||| FLEEEEING.
  2332 | D:2      | 2332 ||| FLEEEEING.
  2333 | D:2      | 2333 ||| FLEEEEING.
  2334 | D:2      | 2334 ||| FLEEEEING.
  2335 | D:2      | 2335 ||| FLEEEEING.
  2336 | D:2      | 2336 ||| FLEEEEING.
  2337 | D:2      | 2337 ||| STAIRDANCE
  2565 | D:1      | 2565 ||| READING scroll labelled WONTOURROK.
  2566 | D:1      | 2566 ||| DRINKING 2 fizzy ruby potions.
  2819 | D:2      | Reached skill level 5 in Axes
  2864 | D:2      | 2864 ||| Stepping ~*~*~tactically~*~*~ (stealth).
  2866 | D:2      | 2866 ||| Stepping ~*~*~tactically~*~*~ (stealth).
  2868 | D:2      | 2868 ||| Stepping ~*~*~tactically~*~*~ (stealth).
  2978 | D:2      | Noticed Natasha
  2983 | D:2      | Killed Natasha
  3097 | D:2      | Noticed Natasha
  3100 | D:2      | Killed Natasha
  3101 | D:2      | Gained mutation: Your magical nature lets you fly swiftly
                  | and evasively. [Tengu growth]
  3101 | D:2      | Reached XP level 5. HP: 27/30 MP: 9/9
  3213 | D:2      | 3213 ||| UPGRADING to +0 pair of gloves.
  3218 | D:2      | 3218 ||| DROPPING ring of flight.
  3219 | D:2      | 3219 ||| DRINKING 2 sapphire potions.
  3220 | D:2      | 3220 ||| DRINKING 2 bubbling inky potions.
  3221 | D:2      | 3221 ||| DROPPING potion of flight.
  3339 | D:3      | 3339 ||| Stepping ~*~*~tactically~*~*~ (stealth).
  3355 | D:3      | Reached skill level 6 in Axes
  3492 | D:3      | 3492 ||| DROPPING +0 whip.
  3581 | D:3      | Found a shimmering altar of Xom.
  3592 | D:3      | HP: 6/30 [adder (4)]
  3593 | D:3      | 3593 ||| DRINKING potion of heal wounds.
  3597 | D:3      | HP: 4/30 [kobold/+3 dagger (5)]
  3599 | D:3      | HP: 1/30 [goblin/sling bullet (3)]
  3600 | D:3      | Succumbed to an adder's poison

Levels and vault maps discovered:
D:1:      eino_arrival_water_star, layout_loops_ring,
          chequers_ecumenical_altar_lobes, serial_aquarium,
          aquarium_bridge_island_small [aquarium_subvault_small_open,
          aquarium_subvault_bridge, aquarium_subvault_bridge,
          aquarium_subvault_window, aquarium_subvault_wall],
          aquarium_bridge_straight [aquarium_subvault_bridge,
          aquarium_subvault_window, aquarium_subvault_bridge,
          aquarium_subvault_wall], aquarium_window_fake, aquarium_window_1,
          aquarium_view_2e, aquarium_view_2b, aquarium_pool_2
D:2:      layout_loops_cross, uniq_natasha
D:3:      layout_loops_ring, xom_confusion_cloud

Skill      XL: |  1  2  3  4  5 |
---------------+----------------+-----
Axes           | 3 4 5 6 |  6.3
Fighting       | |  2.0
Throwing       | |  1.0
Armour         | |  1.1
Dodging        | |  2.1
Spellcasting   | |  2.0
Translocations | |  2.4

Action                   |  1- 3 |  4- 6 || total
-------------------------+-------+-------++-------
Melee: Hand axe          |    76 |    48 ||   124
       Peck              |     9 |     6 ||    15
       Kick              |    15 |    12 ||    27
Throw: Boomerang         |     7 |    20 ||    27
  Use: Scroll            |     6 |     1 ||     7
       Potion            |       |     4 ||     4
Armor: Leather armour    |    18 |     5 ||    23
Dodge: Dodged            |    35 |    36 ||    71

Table legend:
 A = Non-vault XP
 B = Vault XP
 C = Vault XP percentage of total XP
 D = Non-vault monster count
 E = Vault monster count
 F = Vault count percentage of total count
                 A         B        C        D         E       F
            +---------+---------+-------+---------+---------+-------
      Total |     210 |      64 |  23.4 |      47 |       4 |   7.8
            +---------+---------+-------+---------+---------+-------
        D:1 |      43 |       0 |   0.0 |      24 |       0 |   0.0
        D:2 |     112 |      35 |  23.8 |      19 |       1 |   5.0
        D:3 |      55 |      29 |  34.5 |       4 |       3 |  42.9
            +---------+---------+-------+---------+---------+-------
